 Dungeon Crawl Stone Soup version 0.30-a0-916-g9813417 (webtiles) character file.

Game seed: 1306186606313061200

337 Dorkslayer the Covered (level 6, -2/38 HPs)
             Began as a Gargoyle Fighter on Apr 20, 2023.
             Slain by Edmund
             ... wielding a +2 heavy flail
              (8 damage)
             ... on level 4 of the Dungeon.
             The game lasted 00:08:30 (2879 turns).

Dorkslayer the Covered (Gargoyle Fighter)           Turns: 2879, Time: 00:08:31

Health: -2/38      AC: 21    Str: 19    XL:     6   Next: 54%
Magic:  6/6        EV:  6    Int:  9    God:
Gold:   94         SH:  4    Dex: 11    Spells: 5/5 levels left

rFire   . . .      SeeInvis .    a - +0 war axe
rCold   . . .      Faith    .    c - +0 buckler
rNeg    + . .      Spirit   .    n - +0 plate armour
rPois   ∞          Reflect  .    p - +0 helmet
rElec   +          Rampage  .    m - +1 cloak
rCorr   .                        f - +0 pair of gloves
Will    .....                    (no boots) Stlth
                                 (no amulet)
HPRegen 0.26/turn                (no ring)
MPRegen 0.10/turn                (no ring)

@: no status effects
A: sickness immunity, AC +4, negative energy resistance 1, electricity
resistance, torment resistance 1, petrification resistance
a: no special abilities


You were on level 4 of the Dungeon.
You visited 1 branch of the dungeon, and saw 4 of its levels.

You collected 169 gold pieces.
You spent 75 gold pieces at shops.

Inventory:

Hand Weapons
 a - a +0 war axe (weapon)
Armour
 c - a +0 buckler (worn)
 f - a +0 pair of gloves (worn)
 m - a +1 cloak (worn)
 n - a +0 plate armour (worn)
 p - a +0 helmet (worn)
Wands
 d - a wand of flame (26)
Scrolls
 e - 3 scrolls of teleportation
 h - a scroll of summoning {unknown}
 j - a scroll of silence {unknown}
 o - a scroll of amnesia {unknown}
 q - a scroll of acquirement {unknown}
 t - a scroll of enchant weapon {unknown}
 u - a scroll of magic mapping
 w - a scroll of poison {unknown}
Potions
 b - a potion of brilliance
 g - a potion of heal wounds {unknown}
 i - a potion of lignification {unknown}
 k - 3 potions of flight
 l - a potion of invisibility {unknown}
 r - 2 potions of curing {unknown}
 s - a potion of haste {unknown}
 x - a potion of might


   Skills:
 + Level 4.1 Fighting
 + Level 4.1 Axes
 + Level 4.4 Armour
 + Level 1.9 Dodging
 + Level 3.9 Shields
 * Level 0.2 Evocations


You had 5 spell levels left.
You didn't know any spells.
Your spell library contained the following spells:

 Spells                   Type           Power      Damage    Failure   Level
 Ozocubu's Armour         Ice            0%         N/A       100%        3
 Metabolic Englaciation   Hex/Ice        0%         N/A       100%        5
 Simulacrum               Ice/Necr       0%         N/A       100%        6


Dungeon Overview and Level Annotations

Branches:
Dungeon (4/15)
 Temple: D:4-7

Altars:
Dithmenos
Qazlal

Shops:
D:4 ?*:(

Annotations:
D:4 Edmund


Innate Abilities, Weirdness & Mutations

You are immune to sickness and miasma.
Your stone body is resilient. (AC +4)
You are immune to poison.
You resist negative energy. (rN+)
You are resistant to electric shocks. (rElec)
You are resistant to unholy torment.
You are immune to petrification.


Message History

Found a potion of might.
There is an escape hatch in the ceiling here.
x - a potion of might
There is a stone staircase leading up here.
As you open the door, it creaks loudly!
You hear a shout!
Edmund the Younger comes into view.
He is wielding a +2 heavy flail.
Edmund shouts!
There is an open door here.
As you read the scroll of identify, it crumbles to dust.
b - a potion of brilliance You hit Edmund but do no damage.
You block Edmund's attack.
You hit Edmund.
Edmund is lightly wounded.
Edmund mutters, "Who needs spells, anyway?"
Edmund hits you but does no damage.
You hit Edmund but do no damage.
Edmund is lightly wounded.
Edmund hits you but does no damage.
You hit Edmund.
Edmund is lightly wounded.
You closely miss Edmund.
Edmund is lightly wounded.
Edmund hits you with a +2 heavy flail!
You barely miss Edmund.
Edmund is lightly wounded.
Edmund hits you but does no damage.
You closely miss Edmund.
Edmund is lightly wounded.
Edmund hits you with a +2 heavy flail.
You hit Edmund but do no damage.
Edmund is lightly wounded.
Edmund hits you but does no damage.
You closely miss Edmund.
Edmund is lightly wounded.
Edmund hits you with a +2 heavy flail!
* * * LOW HITPOINT WARNING * * *
You hit Edmund but do no damage.
Edmund is lightly wounded.
Edmund hits you with a +2 heavy flail!
You die...

#######.........
#....#.....)....
#..<.##......##.
#....##......##.
#...<........##.
##########...........##.
#........#...........#..
#........'...####+#####.
#.....@@.#...##......##.
#........######......+..
#........#...........#..
#........#...........#..
#........#...##......##.
#........#.<.##..#+####.
#........#....#'#.......
#........#....#∩#.......
#....###.......


You could see Edmund.

Vanquished Creatures
  Sigmund (D:3)
  An orc priest (D:4)
  Robin (D:3)
  6 adders
  2 worms
  A dart slug (D:1)
  6 orcs (D:4)
  4 ball pythons
  9 endoplasms
  3 giant cockroaches
  11 goblins
  5 hobgoblins
  6 jackals
  A quokka (D:3)
  6 bats
  2 frilled lizards (D:1)
  7 kobolds
  3 rats
75 creatures vanquished.

Notes
Turn   | Place    | Note
-------+----------+-------------------------------------------
     0 | D:1      | Dorkslayer the Gargoyle Fighter began the quest for the
                  | Orb.
     0 | D:1      | Reached XP level 1. HP: 14/14 MP: 1/1
   206 | D:1      | Reached XP level 2. HP: 18/19 MP: 2/2
   733 | D:2      | Reached XP level 3. HP: 23/23 MP: 3/3
   809 | D:2      | Found a shadowy altar of Dithmenos.
  1155 | D:2      | Reached skill level 1 in Dodging
  1203 | D:2      | Reached XP level 4. HP: 29/29 MP: 4/4
  1423 | D:3      | Identified the +4 scale mail of Shadows and Fog {Fly rPois
                  | Int+3}
  1615 | D:3      | Noticed Robin
  1627 | D:3      | Killed Robin
  2051 | D:3      | Reached XP level 5. HP: 33/33 MP: 5/5
  2337 | D:3      | Noticed Sigmund
  2353 | D:3      | Killed Sigmund
  2354 | D:3      | Reached XP level 6. HP: 30/38 MP: 6/6
  2435 | D:4      | Found Etesche's Assorted Antiques.
  2633 | D:4      | Found Zoyguiru's Magic Scroll Shop.
  2653 | D:4      | Bought a scroll of magic mapping for 75 gold pieces
  2668 | D:4      | Noticed a water elemental
  2739 | D:4      | Found a stormy altar of Qazlal.
  2741 | D:4      | Noticed an air elemental
  2741 | D:4      | Noticed a fire elemental
  2745 | D:4      | Found Haxtuara's Book Boutique.
  2763 | D:4      | Found Qyisk's Weapon Boutique.
  2866 | D:4      | Noticed Edmund
  2879 | D:4      | Slain by Edmund

Illustrated notes

Levels and vault maps discovered:
D:1:      eino_arrival_water_star, layout_basic, minmay_misc_feat_hallway
D:2:      layout_loops_ring, basic_altar
D:3:      layout_loops_corners, uniq_sigmund, uniq_robin
D:4:      layout_gridville, nicolae_qazlal_style_of_elements, serial_shops,
          nicolae_diamond_shop, shop, nicolae_shop_window_shopping,
          nicolae_shop_bloodbath_and_beyond, uniq_edmund

Skill      XL: |  1  2  3  4  5  6 |
---------------+-------------------+-----
Axes           | 2 3 4 |  4.1
Dodging        | 1 |  1.9
Fighting       | 4 |  4.1
Armour         | 4 |  4.4
Shields        | |  3.9
Evocations     | |  0.2

Action                     |  1- 3 |  4- 6 || total
---------------------------+-------+-------++-------
  Melee: War axe           |   102 |   127 ||   229
    Use: Scroll            |       |     4 ||     4
         Potion            |       |     1 ||     1
 Armour: Scale mail        |    42 |       ||    42
         Plate armour      |    43 |    88 ||   131
  Dodge: Dodged            |    51 |    41 ||    92
  Block: Buckler           |    25 |    28 ||    53

Table legend: (Time is in decaauts)
 A = Elapsed time spent in this place.
 B = Non-inter-level travel time spent in this place.
 C = Inter-level travel time spent in this place.
 D = Time resting spent in this place.
 E = Time spent auto-exploring this place.
 F = Levels seen in this place.
 G = Mean time per level.
                   A        B        C        D        E       F      G
               +--------+--------+--------+--------+--------+-----+--------+
         Total |   2972 |   2972 |      0 |      0 |   1467 |   4 |  743.0 |
       Dungeon |   2972 |   2972 |      0 |      0 |   1467 |   4 |  743.0 |
               +--------+--------+--------+--------+--------+-----+--------+

Top non-repeatable levels by time:
     D:3: 1053 daAuts
     D:1: 745 daAuts
     D:2: 709 daAuts
     D:4: 464 daAuts
